WCHLSIM.com - West Coast Hockey League
html PUBLIC "-//W3C//DTD XHTML 1.0 Transitional//EN" "http://www.w3.org/TR/xhtml1/DTD/xhtml1-transitional.dtd"> WCHL - Game 212 - CALGARY FIREMEN vs SAN DIEGO THUNDER

CALGARY FIREMEN vs SAN DIEGO THUNDER

Created - 4 novembre 2019 at 17:07

Goals
1 2 3 OT1 T
CALGARY FIREMEN 1 0 2 1 4
SAN DIEGO THUNDER 1 1 1 0 3
Shots
1 2 3 OT1 T
CALGARY FIREMEN 5 14 10 6 35
SAN DIEGO THUNDER 11 7 11 6 35

1st period

1. CALGARY FIREMEN , Viktor Arvidsson 16 (Ryan Johansen 25, Brent Seabrook 3) at 0:27
2. SAN DIEGO THUNDER , Josh Manson 1 (Josh Anderson 7, Mikael Granlund 8) at 8:19

Penalties :
Daniel Girardi (CGY) for Hooking (Minor) at 3:28, Niklas Kronwall (CGY) for Interference (Minor) at 12:27, Evander Kane (SDG) for Holding (Minor) at 16:08, Brent Seabrook (CGY) for Tripping (Minor) at 18:25

2nd period

3. SAN DIEGO THUNDER , Jean-Gabriel Pageau 3 (Dominik Kahun 2, Radko Gudas 4) at 0:38

Penalties :
Connor Hellebuyck (SDG) for Delaying the game (Minor) at 8:36 - Radko Gudas served the penalty., Daniel Girardi (CGY) for Interference (Minor) at 15:29, Evander Kane (SDG) for Roughing (Minor) at 19:23

3rd period

4. CALGARY FIREMEN , Filip Forsberg 12 (Ian Cole 4, Daniel Girardi 2) at 1:07 (PP)
5. CALGARY FIREMEN , Viktor Arvidsson 17 (Filip Forsberg 18) at 8:48
6. SAN DIEGO THUNDER , Josh Anderson 1 (Charles McAvoy 4, Mikael Granlund 9) at 11:50 (PP)

Penalties :
Devan Dubnyk (CGY) for Slashing (Minor) at 5:35 - Colton Sceviour served the penalty., Brent Seabrook (CGY) for Roughing (Minor) at 11:34

Overtime #1

7. CALGARY FIREMEN , Viktor Arvidsson 18 (Alex Tuch 7, Andy Greene 4) at 4:56

Penalties :
No Penalty

Goalie Stats

Devan Dubnyk (CGY), 32 saves from 35 shots - (0,914), W, 10-3-1, 64:57 minutes
Connor Hellebuyck (SDG), 31 saves from 35 shots - (0,886), OTL, 6-5-2, 64:57 minutes

Players Stats for CALGARY FIREMEN

Player Name              G  A  P  +/- PIM S  H  SB GA TA FO     MP     PP MP  PK MP  
------------------------------------------------------------------------------------
Adam Henrique            0  0  0  -1  0   3  1  0  0  0  10/21  18:02   2:34   0:00 
Alex Tuch                0  1  1   0  0   5  0  0  0  0  3/7    17:11   0:00   0:00 
Andy Greene              0  1  1   2  0   1  0  1  0  0  0/0    24:32   0:00   4:40 
Austin Czarnik           0  0  0   0  0   1  0  0  0  0  0/1     7:36   0:00   4:59 
Brent Seabrook           0  1  1   1  4   1  1  2  0  0  0/0    21:49   0:00   3:24 
Christopher Brown        0  0  0   0  0   0  0  0  0  0  0/0     0:00   0:00   0:00 
Colton Sceviour          0  0  0   0  0   0  1  0  0  0  0/1    13:55   0:00   0:00 
Daniel Girardi           0  1  1  -1  4   1  1  3  0  0  0/0    21:18   2:38   3:40 
Filip Forsberg           1  1  2   1  0   5  2  0  0  0  0/0    21:06   3:08   0:00 
Ian Cole                 0  1  1  -1  0   3  4  3  0  0  0/0    23:11   2:38   5:31 
Jonathon Merrill         0  0  0   0  0   0  2  0  0  0  0/0    18:11   3:04   2:43 
Luke Glendening          0  0  0   0  0   0  1  0  0  0  13/23  19:08   0:00   7:50 
Marcus Johansson         0  0  0  -1  0   1  2  0  0  0  0/1    18:02   2:34   0:00 
Marcus Sorensen          0  0  0   0  0   0  1  0  0  0  0/2    10:23   2:34   5:12 
Niklas Kronwall          0  0  0   0  2   0  0  1  0  0  0/0    15:51   3:04   0:24 
Oskar Lindblom           0  0  0   0  0   1  0  0  0  0  0/4    13:39   0:00   2:21 
Ryan Johansen            0  1  1   1  0   3  4  0  0  0  15/26  21:06   3:08   0:00 
Viktor Arvidsson         3  0  3   2  0   10 2  0  0  0  0/2    19:35   3:08   0:00 

Players Stats for SAN DIEGO THUNDER

Player Name              G  A  P  +/- PIM S  H  SB GA TA FO     MP     PP MP  PK MP  
------------------------------------------------------------------------------------
Alexander Edler          0  0  0  -1  0   4  1  2  0  0  0/0    22:18   5:15   3:20 
Bo Horvat                0  0  0  -1  0   4  0  1  0  0  19/28  21:44   4:19   0:15 
Charles McAvoy           0  1  1  -3  0   2  1  2  0  0  0/0    27:45   5:37   2:22 
Christian Fischer        0  0  0  -1  0   0  0  0  0  0  2/3     4:28   0:00   0:00 
Connor Murphy            0  0  0   1  0   0  3  0  0  0  0/0    18:34   1:04   1:25 
David Perron             0  0  0   1  0   1  0  0  0  0  0/0    19:18   4:19   0:00 
Dominik Kahun            0  1  1   1  0   1  0  0  0  0  1/1    12:53   0:22   1:01 
Evander Kane             0  0  0  -1  4   4  3  0  0  0  1/5    23:15   5:30   1:16 
James Neal               0  0  0  -1  0   0  0  0  0  0  0/0     3:49   0:00   0:00 
Jared McCann             0  0  0   1  0   1  0  0  0  0  0/0    11:49   0:00   0:52 
Jean-Gabriel Pageau      1  0  1   1  0   3  1  0  0  0  8/16   15:32   0:00   4:35 
Josh Anderson            1  1  2   1  0   3  4  0  0  0  0/2    20:51   5:52   0:00 
Josh Manson              1  0  1   0  0   2  5  1  0  0  0/0    11:49   0:00   2:04 
Matt Benning             0  0  0   0  0   1  1  0  0  0  0/0    17:42   3:52   0:00 
Mikael Granlund          0  2  2   0  0   3  0  0  0  0  14/29  24:10   5:52   0:00 
Nikita Kucherov          0  0  0  -2  0   5  0  0  0  0  1/2    22:31   4:19   0:00 
Pierre-Edouard Bellemare 0  0  0  -1  0   0  0  0  0  0  1/2     6:43   0:00   3:25 
Radko Gudas              0  1  1   2  0   1  2  3  0  0  0/0    23:56   4:34   2:13 

3 Stars

1 - Viktor Arvidsson (CGY)
2 - Josh Anderson (SDG)
3 - Filip Forsberg (CGY)

Power Play

CALGARY FIREMEN - 1 on 3 Attempt(s) - 33,33%
SAN DIEGO THUNDER - 1 on 6 Attempt(s) - 16,67%

Penalty Kill

CALGARY FIREMEN - 5 on 6 Attempt(s) - 83,33% - Score 0 goal in Penalty Kill
SAN DIEGO THUNDER - 2 on 3 Attempt(s) - 66,67% - Score 0 goal in Penalty Kill

Team Stat

CALGARY FIREMEN - Hits : 22 - Faceoff Wins : 41 - Blocked Shots : 10 - Penalty Minutes : 12
SAN DIEGO THUNDER - Hits : 21 - Faceoff Wins : 47 - Blocked Shots : 9 - Penalty Minutes : 6

Official

Referees : Mike Langin and Steve Kozari
Linesman : Riley Bowles and Lucas Bisbee

Game Notes

Josh Manson is injured at 14:54 of 2nd period (Left Foot)
Alexander Edler is injured at 12:32 of 3rd period (Strained Right Knee)
Viktor Arvidsson has scored a Hat Trick!

Finance

Level 1 -- Attendance: 6270 (100,00%) -- Ticket Income 815 100 $
Level 2 -- Attendance: 5320 (100,00%) -- Ticket Income 425 600 $
Level 3 -- Attendance: 2090 (100,00%) -- Ticket Income 114 950 $
Level 4 -- Attendance: 4285 (99,19%) -- Ticket Income 171 400 $
Luxury Box -- Attendance: 1000 (100,00%) -- Ticket Income 240 000 $
Total Attendance: 18965 (99,82%)
Total Ticket Income: 1 767 050 $
Other Income: 530 115 $
Total Income: 2 297 165 $

CALGARY FIREMEN

5 vs 5 Forward 
   Center                   Left Wing                Right Wing               Time % Phy DF OF 
 1 Ryan Johansen            Filip Forsberg           Viktor Arvidsson         32     0   1  4  
 2 Adam Henrique            Marcus Johansson         Alex Tuch                31     1   1  3  
 3 Luke Glendening          Oskar Lindblom           Colton Sceviour          27     1   2  2  
 4 Austin Czarnik           Marcus Sorensen          Colton Sceviour          10     0   3  2  

5 vs 5 Defense 
   Defense                  Defense                                           Time % Phy DF OF 
 1 Andy Greene              Brent Seabrook                                    32     1   2  2  
 2 Ian Cole                 Daniel Girardi                                    31     1   2  2  
 3 Niklas Kronwall          Jonathon Merrill                                  27     1   2  2  
 4 Andy Greene              Brent Seabrook                                    10     1   2  2  

PowerPlay Forward 
   Center                   Left Wing                Right Wing               Time % Phy DF OF 
 1 Ryan Johansen            Filip Forsberg           Viktor Arvidsson         50     0   0  5  
 2 Adam Henrique            Marcus Johansson         Marcus Sorensen          50     0   0  5  

PowerPlay Defense
   Defense                  Defense                                           Time % Phy DF OF 
 1 Niklas Kronwall          Jonathon Merrill                                  50     0   0  5  
 2 Ian Cole                 Daniel Girardi                                    50     0   0  5  

Penalty Kill 4 Players Forward 
   Center                   Wing                     Time % Phy DF OF 
 1 Luke Glendening          Austin Czarnik           50     1   3  1  
 2 Luke Glendening          Marcus Sorensen          50     1   3  1  

Penalty Kill 4 Players Defense
   Defense                  Defense                  Time % Phy DF OF 
 1 Andy Greene              Brent Seabrook           50     1   4  0  
 2 Ian Cole                 Daniel Girardi           50     1   4  0  

Penalty Kill - 3 Players Forward 
   Forward                                           Time % Phy DF OF 
 1 Luke Glendening                                   50     0   5  0  
 2 Colton Sceviour                                   50     0   5  0  

Penalty Kill - 3 Players Defense
   Defense                  Defense                  Time % Phy DF OF 
 1 Andy Greene              Brent Seabrook           50     0   5  0  
 2 Ian Cole                 Daniel Girardi           50     0   5  0  

4 vs 4 Forward 
   Center                   Wing                     Time % Phy DF OF 
 1 Ryan Johansen            Filip Forsberg           55     1   2  2  
 2 Viktor Arvidsson         Oskar Lindblom           45     1   2  2  

4 vs 4 Defense
   Defense                  Defense                  Time % Phy DF OF 
 1 Andy Greene              Brent Seabrook           55     1   2  2  
 2 Ian Cole                 Daniel Girardi           45     1   2  2  

Last Minutes Offensive
   Center                   Left Wing                Right Wing               Defense                  Defense                  
   Ryan Johansen            Filip Forsberg           Viktor Arvidsson         Andy Greene              Brent Seabrook           

Last Minutes Defensive
   Center                   Left Wing                Right Wing               Defense                  Defense                  
   Ryan Johansen            Filip Forsberg           Viktor Arvidsson         Andy Greene              Brent Seabrook           

Goaltenders
Starting : Devan Dubnyk             
Backup : Keith Kinkaid            

Extra Forwards
Normal : Adam Henrique, Luke Glendening, Oskar Lindblom - PP : Oskar Lindblom, Luke Glendening - PK : Oskar Lindblom
Extra Defensemen
Normal : Niklas Kronwall, Jonathon Merrill, Ian Cole - PP : Niklas Kronwall - PK : Jonathon Merrill, Ian Cole
Penalty Shots
Ryan Johansen, Filip Forsberg, Viktor Arvidsson, Marcus Johansson, Adam Henrique
Custom OT Lines Forwards
Ryan Johansen, Filip Forsberg, Viktor Arvidsson, Alex Tuch, Adam Henrique, Marcus Johansson, Marcus Sorensen, Austin Czarnik, Oskar Lindblom, Colton Sceviour
Custom OT Lines Defensemen
Andy Greene, Brent Seabrook, Ian Cole, Daniel Girardi, Niklas Kronwall

Scratches
Austin Watson (Groin Injury), Fredrik Olofsson (Healthy), Jeff Kubiak (Healthy), Kyle Bauman (Healthy), Ross Johnston (Healthy)
Shane Hanna (Healthy)

SAN DIEGO THUNDER

5 vs 5 Forward 
   Center                   Left Wing                Right Wing               Time % Phy DF OF 
 1 Bo Horvat                Evander Kane             Nikita Kucherov          37     0   2  3  
 2 Mikael Granlund          David Perron             Josh Anderson            35     0   2  3  
 3 Jean-Gabriel Pageau      Jared McCann             Dominik Kahun            23     1   1  3  
 4 Christian Fischer        Pierre-Edouard Bellemare James Neal               5      0   4  1  

5 vs 5 Defense 
   Defense                  Defense                                           Time % Phy DF OF 
 1 Charles McAvoy           Josh Manson                                       36     1   2  2  
 2 Connor Murphy            Radko Gudas                                       31     1   2  2  
 3 Alexander Edler          Matt Benning                                      17     1   3  1  
 4 Radko Gudas              Josh Manson                                       16     1   2  2  

PowerPlay Forward 
   Center                   Left Wing                Right Wing               Time % Phy DF OF 
 1 Bo Horvat                David Perron             Nikita Kucherov          55     0   0  5  
 2 Mikael Granlund          Evander Kane             Josh Anderson            45     0   0  5  

PowerPlay Defense
   Defense                  Defense                                           Time % Phy DF OF 
 1 Alexander Edler          Charles McAvoy                                    55     1   2  2  
 2 Matt Benning             Radko Gudas                                       45     1   2  2  

Penalty Kill 4 Players Forward 
   Center                   Wing                     Time % Phy DF OF 
 1 Jean-Gabriel Pageau      Evander Kane             55     1   3  1  
 2 Pierre-Edouard Bellemare Jared McCann             45     1   3  1  

Penalty Kill 4 Players Defense
   Defense                  Defense                  Time % Phy DF OF 
 1 Alexander Edler          Josh Manson              55     1   2  2  
 2 Charles McAvoy           Radko Gudas              45     1   2  2  

Penalty Kill - 3 Players Forward 
   Forward                                           Time % Phy DF OF 
 1 Pierre-Edouard Bellemare                          55     1   2  2  
 2 Jean-Gabriel Pageau                               45     1   2  2  

Penalty Kill - 3 Players Defense
   Defense                  Defense                  Time % Phy DF OF 
 1 Alexander Edler          Josh Manson              55     1   2  2  
 2 Connor Murphy            Radko Gudas              45     1   2  2  

4 vs 4 Forward 
   Center                   Wing                     Time % Phy DF OF 
 1 Nikita Kucherov          Mikael Granlund          55     1   2  2  
 2 Bo Horvat                David Perron             45     1   2  2  

4 vs 4 Defense
   Defense                  Defense                  Time % Phy DF OF 
 1 Alexander Edler          Josh Manson              55     1   2  2  
 2 Charles McAvoy           Radko Gudas              45     1   2  2  

Last Minutes Offensive
   Center                   Left Wing                Right Wing               Defense                  Defense                  
   Mikael Granlund          David Perron             Nikita Kucherov          Alexander Edler          Charles McAvoy           

Last Minutes Defensive
   Center                   Left Wing                Right Wing               Defense                  Defense                  
   Mikael Granlund          Pierre-Edouard Bellemare Nikita Kucherov          Alexander Edler          Josh Manson              

Goaltenders
Starting : Connor Hellebuyck        
Backup : Laurent Brossoit         

Extra Forwards
Normal : Nikita Kucherov, Evander Kane, Mikael Granlund - PP : Nikita Kucherov, Evander Kane - PK : Pierre-Edouard Bellemare
Extra Defensemen
Normal : Alexander Edler, Charles McAvoy, Josh Manson - PP : Alexander Edler - PK : Josh Manson, Radko Gudas
Penalty Shots
Nikita Kucherov, Mikael Granlund, David Perron, Evander Kane, Josh Anderson
Custom OT Lines Forwards
Nikita Kucherov, Mikael Granlund, Evander Kane, Bo Horvat, David Perron, Jared McCann, Josh Anderson, Dominik Kahun, Jean-Gabriel Pageau, Pierre-Edouard Bellemare
Custom OT Lines Defensemen
Alexander Edler, Charles McAvoy, Josh Manson, Radko Gudas, Connor Murphy

Scratches
None


% Time on Ice - CALGARY FIREMEN

Lines # - Real PCT - Wanted PCT - Time Play
Normal Forward
1 - 33% - 32% - 14:44
2 - 35% - 31% - 15:28
3 - 26% - 27% - 11:18
4 - 6% - 10% - 2:37
Normal Defense
1 - 33% - 32% - 14:37
2 - 34% - 31% - 15:02
3 - 28% - 27% - 12:24
4 - 5% - 10% - 2:04
PP Forward
1 - 55% - 50% - 3:08
2 - 45% - 50% - 2:34
PP Defense
1 - 54% - 50% - 3:04
2 - 46% - 50% - 2:38
PK Forward
1 - 49% - 50% - 4:59
2 - 51% - 50% - 5:12
PK Defense
1 - 51% - 50% - 5:10
2 - 49% - 50% - 5:01
PK3 Forward
1 - 0% - 50%
2 - 0% - 50%
PK3 Defense
1 - 0% - 50%
2 - 0% - 50%
44 Forward
1 - 0% - 55%
2 - 0% - 45%
44 Defense
1 - 0% - 55%
2 - 0% - 45%
Last Minute Offensive  - 0:00
Last Minute Defensive  - 0:00
Total
Forward - 60:00
Defense - 60:00

% Time on Ice - SAN DIEGO THUNDER

Lines # - Real PCT - Wanted PCT - Time Play
Normal Forward
1 - 34% - 37% - 14:53
2 - 34% - 35% - 14:59
3 - 25% - 23% - 10:57
4 - 7% - 5% - 3:18
Normal Defense
1 - 38% - 36% - 16:58
2 - 22% - 31% - 9:49
3 - 30% - 17% - 13:07
4 - 10% - 16% - 4:13
PP Forward
1 - 42% - 55% - 4:19
2 - 58% - 45% - 5:52
PP Defense
1 - 55% - 55% - 5:37
2 - 45% - 45% - 4:34
PK Forward
1 - 85% - 55% - 4:50
2 - 15% - 45% - 0:52
PK Defense
1 - 58% - 55% - 3:20
2 - 42% - 45% - 2:22
PK3 Forward
1 - 0% - 55%
2 - 0% - 45%
PK3 Defense
1 - 0% - 55%
2 - 0% - 45%
44 Forward
1 - 0% - 55%
2 - 0% - 45%
44 Defense
1 - 0% - 55%
2 - 0% - 45%
Last Minute Offensive  - 0:00
Last Minute Defensive  - 0:00
Total
Forward - 60:00
Defense - 60:00

Play-by-Play

1st period


0:01 of 1st period - Ryan Johansen wins face-off versus Evander Kane in neutral zone.
0:27 of 1st period - Shot by Viktor Arvidsson.
0:27 of 1st period - Goal by Viktor Arvidsson - CALGARY FIREMEN : 1 - SAN DIEGO THUNDER : 0.
0:28 of 1st period - Mikael Granlund wins face-off versus Adam Henrique in neutral zone.
0:46 of 1st period - Shot by Josh Anderson.
0:46 of 1st period - Shot Blocked by Daniel Girardi.
1:00 of 1st period - Shot by Josh Anderson.
1:00 of 1st period - Stopped by Devan Dubnyk with a rebound.
2:26 of 1st period - Shot by Ryan Johansen.
2:26 of 1st period - Shot Misses the Net.
3:00 of 1st period - Filip Forsberg is hit by Evander Kane and loses puck.
3:08 of 1st period - Viktor Arvidsson is hit by Josh Manson.
3:17 of 1st period - Off-side.
3:18 of 1st period - Adam Henrique wins face-off versus Christian Fischer in neutral zone.
3:20 of 1st period - Alex Tuch is hit by Josh Manson and loses puck.
3:28 of 1st period - Minor Penalty to Daniel Girardi for Hooking.
3:29 of 1st period - Bo Horvat wins face-off versus Luke Glendening in CALGARY FIREMEN zone.
3:44 of 1st period - Shot by Nikita Kucherov.
3:44 of 1st period - Shot Misses the Net.
3:46 of 1st period - Shot by Alexander Edler.
3:46 of 1st period - Shot Blocked by Ian Cole.
3:51 of 1st period - Nikita Kucherov is hit by Jonathon Merrill and loses puck.
4:24 of 1st period - Shot by Evander Kane.
4:24 of 1st period - Stopped by Devan Dubnyk without a rebound.
4:25 of 1st period - Mikael Granlund wins face-off versus Oskar Lindblom in CALGARY FIREMEN zone.
4:30 of 1st period - Shot by Mikael Granlund.
4:30 of 1st period - Shot Misses the Net.
4:39 of 1st period - Off-side.
4:40 of 1st period - Mikael Granlund wins face-off versus Luke Glendening in neutral zone.
6:01 of 1st period - Shot by Jared McCann.
6:01 of 1st period - Shot Misses the Net.
6:03 of 1st period - Shot by Jean-Gabriel Pageau.
6:03 of 1st period - Shot Misses the Net.
6:18 of 1st period - Off-side.
6:19 of 1st period - Ryan Johansen wins face-off versus Evander Kane in neutral zone.
6:26 of 1st period - Shot by Filip Forsberg.
6:26 of 1st period - Stopped by Connor Hellebuyck without a rebound.
6:27 of 1st period - Bo Horvat wins face-off versus Viktor Arvidsson in SAN DIEGO THUNDER zone.
6:27 of 1st period - Bo Horvat is hit by Viktor Arvidsson.
7:16 of 1st period - Icing by Matt Benning.
7:17 of 1st period - Bo Horvat wins face-off versus Luke Glendening in SAN DIEGO THUNDER zone.
7:17 of 1st period - Bo Horvat is hit by Luke Glendening.
7:42 of 1st period - Icing by Nikita Kucherov.
7:43 of 1st period - Bo Horvat wins face-off versus Alex Tuch in SAN DIEGO THUNDER zone.
7:43 of 1st period - Bo Horvat is hit by Daniel Girardi.
8:04 of 1st period - Alex Tuch is hit by Josh Anderson and loses puck.
8:10 of 1st period - Mikael Granlund is hit by Ian Cole and loses puck.
8:14 of 1st period - Mikael Granlund is hit by Ian Cole and loses puck.
8:17 of 1st period - Shot by Josh Anderson.
8:17 of 1st period - Shot Blocked by Daniel Girardi.
8:19 of 1st period - Shot by Josh Manson.
8:19 of 1st period - Goal by Josh Manson - CALGARY FIREMEN : 1 - SAN DIEGO THUNDER : 1.
8:20 of 1st period - Jean-Gabriel Pageau wins face-off versus Luke Glendening in neutral zone.
8:43 of 1st period - Shot by Colton Sceviour.
8:43 of 1st period - Shot Hit the Post.
9:40 of 1st period - Icing by Josh Manson.
9:41 of 1st period - Ryan Johansen wins face-off versus Jean-Gabriel Pageau in SAN DIEGO THUNDER zone.
10:48 of 1st period - Shot by Alex Tuch.
10:48 of 1st period - Shot Blocked by Radko Gudas.
10:50 of 1st period - Shot by Adam Henrique.
10:50 of 1st period - Stopped by Connor Hellebuyck without a rebound.
10:51 of 1st period - Bo Horvat wins face-off versus Adam Henrique in SAN DIEGO THUNDER zone.
11:10 of 1st period - Shot by Bo Horvat.
11:10 of 1st period - Deflect By Evander Kane.
11:10 of 1st period - Shot Blocked by Daniel Girardi.
12:26 of 1st period - Shot by David Perron.
12:26 of 1st period - Stopped by Devan Dubnyk with a rebound.
12:27 of 1st period - Minor Penalty to Niklas Kronwall for Interference.
12:28 of 1st period - Luke Glendening wins face-off versus Mikael Granlund in CALGARY FIREMEN zone.
12:47 of 1st period - Shot by Mikael Granlund.
12:47 of 1st period - Shot Blocked by Ian Cole.
12:49 of 1st period - Shot by Josh Anderson.
12:49 of 1st period - Stopped by Devan Dubnyk without a rebound.
12:50 of 1st period - Luke Glendening wins face-off versus Mikael Granlund in CALGARY FIREMEN zone.
13:27 of 1st period - Shot by Andy Greene.
13:27 of 1st period - Shot Misses the Net.
13:29 of 1st period - Shot by Andy Greene.
13:29 of 1st period - Shot Misses the Net.
13:31 of 1st period - Shot by Brent Seabrook.
13:31 of 1st period - Stopped by Connor Hellebuyck without a rebound.
13:32 of 1st period - Bo Horvat wins face-off versus Oskar Lindblom in SAN DIEGO THUNDER zone.
14:10 of 1st period - Shot by Alexander Edler.
14:10 of 1st period - Stopped by Devan Dubnyk with a rebound.
14:12 of 1st period - Shot by Charles McAvoy.
14:12 of 1st period - Stopped by Devan Dubnyk without a rebound.
14:13 of 1st period - Mikael Granlund wins face-off versus Oskar Lindblom in CALGARY FIREMEN zone.
14:16 of 1st period - Shot by Evander Kane.
14:16 of 1st period - Shot Misses the Net.
14:18 of 1st period - Shot by Evander Kane.
14:18 of 1st period - Shot Misses the Net.
14:20 of 1st period - Shot by Matt Benning.
14:20 of 1st period - Stopped by Devan Dubnyk without a rebound.
14:21 of 1st period - Bo Horvat wins face-off versus Oskar Lindblom in CALGARY FIREMEN zone.
14:22 of 1st period - Shot by Nikita Kucherov.
14:22 of 1st period - Shot Misses the Net.
15:31 of 1st period - Shot by Josh Anderson.
15:31 of 1st period - Shot Blocked by Niklas Kronwall.
15:34 of 1st period - Icing by Jonathon Merrill.
15:35 of 1st period - Adam Henrique wins face-off versus Bo Horvat in CALGARY FIREMEN zone.
15:35 of 1st period - Adam Henrique is hit by Evander Kane.
16:08 of 1st period - Minor Penalty to Evander Kane for Holding.
16:09 of 1st period - Jean-Gabriel Pageau wins face-off versus Ryan Johansen in SAN DIEGO THUNDER zone.
16:22 of 1st period - Josh Manson is hit by Viktor Arvidsson and loses puck.
17:07 of 1st period - Shot by Adam Henrique.
17:07 of 1st period - Stopped by Connor Hellebuyck without a rebound.
17:08 of 1st period - Adam Henrique wins face-off versus Jean-Gabriel Pageau in SAN DIEGO THUNDER zone.
18:04 of 1st period - Alexander Edler is hit by Filip Forsberg and loses puck.
18:17 of 1st period - Shot by David Perron.
18:17 of 1st period - Shot Blocked by Brent Seabrook.
18:19 of 1st period - Shot by Alexander Edler.
18:19 of 1st period - Stopped by Devan Dubnyk with a rebound.
18:25 of 1st period - Shot by Mikael Granlund.
18:25 of 1st period - Stopped by Devan Dubnyk without a rebound.
18:25 of 1st period - Minor Penalty to Brent Seabrook for Tripping.
18:26 of 1st period - Bo Horvat wins face-off versus Luke Glendening in CALGARY FIREMEN zone.
18:29 of 1st period - Shot by Nikita Kucherov.
18:29 of 1st period - Shot Misses the Net.
18:59 of 1st period - Shot by Nikita Kucherov.
18:59 of 1st period - Shot Blocked by Andy Greene.
19:27 of 1st period - Shot by Evander Kane.
19:27 of 1st period - Stopped by Devan Dubnyk without a rebound.
19:28 of 1st period - Luke Glendening wins face-off versus Mikael Granlund in CALGARY FIREMEN zone.
Goals for this period are 1 for CALGARY FIREMEN vs 1 for SAN DIEGO THUNDER.
Shots for this period are 5 for CALGARY FIREMEN vs 11 for SAN DIEGO THUNDER.

2nd period


0:01 of 2nd period - Bo Horvat wins face-off versus Marcus Sorensen in neutral zone.
0:36 of 2nd period - Shot by Dominik Kahun.
0:36 of 2nd period - Shot Misses the Net.
0:38 of 2nd period - Shot by Jean-Gabriel Pageau.
0:38 of 2nd period - Goal by Jean-Gabriel Pageau - CALGARY FIREMEN : 1 - SAN DIEGO THUNDER : 2.
0:39 of 2nd period - Christian Fischer wins face-off versus Adam Henrique in neutral zone.
0:54 of 2nd period - Josh Manson is hit by Marcus Johansson.
1:54 of 2nd period - Oskar Lindblom is hit by Matt Benning and loses puck.
2:11 of 2nd period - Brent Seabrook is hit by Josh Anderson and loses puck.
2:59 of 2nd period - Shot by Ryan Johansen.
2:59 of 2nd period - Shot Hit the Post.
3:01 of 2nd period - Shot by Viktor Arvidsson.
3:01 of 2nd period - Stopped by Connor Hellebuyck without a rebound.
3:02 of 2nd period - Jean-Gabriel Pageau wins face-off versus Adam Henrique in SAN DIEGO THUNDER zone.
3:17 of 2nd period - Shot by Adam Henrique.
3:17 of 2nd period - Stopped by Connor Hellebuyck without a rebound.
3:18 of 2nd period - Bo Horvat wins face-off versus Ryan Johansen in SAN DIEGO THUNDER zone.
3:18 of 2nd period - Bo Horvat is hit by Ryan Johansen.
3:35 of 2nd period - Shot by Nikita Kucherov.
3:35 of 2nd period - Deflect By Bo Horvat.
3:35 of 2nd period - Shot Misses the Net.
3:44 of 2nd period - Bo Horvat is hit by Jonathon Merrill.
4:45 of 2nd period - Shot by Alex Tuch.
4:45 of 2nd period - Stopped by Connor Hellebuyck without a rebound.
4:46 of 2nd period - Luke Glendening wins face-off versus Mikael Granlund in SAN DIEGO THUNDER zone.
4:58 of 2nd period - Colton Sceviour is hit by Josh Anderson and loses puck.
5:54 of 2nd period - Luke Glendening is hit by Josh Manson and loses puck.
6:13 of 2nd period - Shot by Viktor Arvidsson.
6:13 of 2nd period - Shot Misses the Net.
6:21 of 2nd period - Shot by Filip Forsberg.
6:21 of 2nd period - Shot Blocked by Charles McAvoy.
6:23 of 2nd period - Shot by Viktor Arvidsson.
6:23 of 2nd period - Shot Misses the Net.
7:12 of 2nd period - Icing by Josh Manson.
7:13 of 2nd period - Jean-Gabriel Pageau wins face-off versus Adam Henrique in SAN DIEGO THUNDER zone.
7:26 of 2nd period - Off-side.
7:27 of 2nd period - Adam Henrique wins face-off versus Josh Anderson in neutral zone.
7:43 of 2nd period - Adam Henrique is hit by Connor Murphy and loses puck.
7:51 of 2nd period - Shot by Alex Tuch.
7:51 of 2nd period - Shot Misses the Net.
7:53 of 2nd period - Shot by Alex Tuch.
7:53 of 2nd period - Stopped by Connor Hellebuyck without a rebound.
7:54 of 2nd period - Ryan Johansen wins face-off versus Evander Kane in SAN DIEGO THUNDER zone.
8:25 of 2nd period - Shot by Nikita Kucherov.
8:25 of 2nd period - Stopped by Devan Dubnyk without a rebound.
8:26 of 2nd period - Luke Glendening wins face-off versus Mikael Granlund in CALGARY FIREMEN zone.
8:26 of 2nd period - Luke Glendening is hit by Josh Anderson.
8:36 of 2nd period - Shot by Oskar Lindblom.
8:36 of 2nd period - Stopped by Connor Hellebuyck without a rebound.
8:36 of 2nd period - Minor Penalty to Connor Hellebuyck for Delaying the game.
8:37 of 2nd period - Jean-Gabriel Pageau wins face-off versus Marcus Johansson in SAN DIEGO THUNDER zone.
8:56 of 2nd period - Shot by Jean-Gabriel Pageau.
8:56 of 2nd period - Stopped by Devan Dubnyk with a rebound.
8:58 of 2nd period - Shot by Josh Manson.
8:58 of 2nd period - Shot Misses the Net.
9:00 of 2nd period - Shot by Evander Kane.
9:00 of 2nd period - Shot Misses the Net.
9:02 of 2nd period - Shot by Josh Manson.
9:02 of 2nd period - Stopped by Devan Dubnyk without a rebound.
9:03 of 2nd period - Pierre-Edouard Bellemare wins face-off versus Viktor Arvidsson in CALGARY FIREMEN zone.
9:04 of 2nd period - Shot by Jared McCann.
9:04 of 2nd period - Shot Misses the Net.
9:26 of 2nd period - Shot by Ryan Johansen.
9:26 of 2nd period - Shot Misses the Net.
9:36 of 2nd period - Shot by Viktor Arvidsson.
9:36 of 2nd period - Shot Hit the Post.
9:38 of 2nd period - Shot by Daniel Girardi.
9:38 of 2nd period - Stopped by Connor Hellebuyck without a rebound.
9:39 of 2nd period - Adam Henrique wins face-off versus Pierre-Edouard Bellemare in SAN DIEGO THUNDER zone.
9:54 of 2nd period - Shot by Jonathon Merrill.
9:54 of 2nd period - Shot Misses the Net.
9:56 of 2nd period - Shot by Marcus Sorensen.
9:56 of 2nd period - Shot Misses the Net.
10:10 of 2nd period - Shot by Marcus Johansson.
10:10 of 2nd period - Stopped by Connor Hellebuyck without a rebound.
10:11 of 2nd period - Ryan Johansen wins face-off versus Jean-Gabriel Pageau in SAN DIEGO THUNDER zone.
10:26 of 2nd period - Connor Murphy is hit by Filip Forsberg and loses puck.
10:34 of 2nd period - Icing by Ian Cole.
10:35 of 2nd period - Jean-Gabriel Pageau wins face-off versus Ryan Johansen in CALGARY FIREMEN zone.
11:07 of 2nd period - Icing by Connor Murphy.
11:08 of 2nd period - Ryan Johansen wins face-off versus Mikael Granlund in SAN DIEGO THUNDER zone.
11:32 of 2nd period - Shot by Ryan Johansen.
11:32 of 2nd period - Shot Misses the Net.
11:34 of 2nd period - Shot by Ian Cole.
11:34 of 2nd period - Stopped by Connor Hellebuyck without a rebound.
11:35 of 2nd period - Adam Henrique wins face-off versus Nikita Kucherov in SAN DIEGO THUNDER zone.
11:55 of 2nd period - Marcus Johansson is hit by Josh Manson and loses puck.
11:59 of 2nd period - Adam Henrique is hit by Josh Manson and loses puck.
12:42 of 2nd period - Icing by Viktor Arvidsson.
12:43 of 2nd period - Mikael Granlund wins face-off versus Ryan Johansen in CALGARY FIREMEN zone.
13:16 of 2nd period - Shot by David Perron.
13:16 of 2nd period - Shot Misses the Net.
13:59 of 2nd period - Andy Greene is hit by Connor Murphy and loses puck.
14:06 of 2nd period - Shot by Luke Glendening.
14:06 of 2nd period - Shot Misses the Net.
14:19 of 2nd period - Colton Sceviour is hit by Radko Gudas and loses puck.
14:54 of 2nd period - Shot by Alex Tuch.
14:54 of 2nd period - Shot Blocked by Josh Manson.
14:54 of 2nd period - Josh Manson from SAN DIEGO THUNDER is injured at 14:54 of 2nd period (Left Foot).
14:55 of 2nd period - Ryan Johansen wins face-off versus Josh Anderson in SAN DIEGO THUNDER zone.
15:04 of 2nd period - Shot by Viktor Arvidsson.
15:04 of 2nd period - Stopped by Connor Hellebuyck without a rebound.
15:05 of 2nd period - Bo Horvat wins face-off versus Adam Henrique in SAN DIEGO THUNDER zone.
15:05 of 2nd period - Bo Horvat is hit by Marcus Johansson.
15:17 of 2nd period - Adam Henrique is hit by Charles McAvoy and loses puck.
15:29 of 2nd period - Minor Penalty to Daniel Girardi for Interference.
15:30 of 2nd period - Luke Glendening wins face-off versus Mikael Granlund in CALGARY FIREMEN zone.
16:15 of 2nd period - Off-side.
16:16 of 2nd period - Bo Horvat wins face-off versus Luke Glendening in neutral zone.
16:29 of 2nd period - Shot by Alexander Edler.
16:29 of 2nd period - Shot Hit the Post.
16:31 of 2nd period - Shot by David Perron.
16:31 of 2nd period - Shot Misses the Net.
16:33 of 2nd period - Shot by Alexander Edler.
16:33 of 2nd period - Stopped by Devan Dubnyk with a rebound.
16:35 of 2nd period - Shot by Nikita Kucherov.
16:35 of 2nd period - Stopped by Devan Dubnyk without a rebound.
16:36 of 2nd period - Luke Glendening wins face-off versus Bo Horvat in CALGARY FIREMEN zone.
17:05 of 2nd period - Shot by Bo Horvat.
17:05 of 2nd period - Stopped by Devan Dubnyk without a rebound.
17:06 of 2nd period - Evander Kane wins face-off versus Luke Glendening in CALGARY FIREMEN zone.
17:06 of 2nd period - Evander Kane is hit by Ian Cole.
17:36 of 2nd period - Off-side.
17:37 of 2nd period - Ryan Johansen wins face-off versus Jean-Gabriel Pageau in neutral zone.
17:44 of 2nd period - Shot by Viktor Arvidsson.
17:44 of 2nd period - Stopped by Connor Hellebuyck with a rebound.
17:55 of 2nd period - Viktor Arvidsson is hit by Alexander Edler and loses puck.
18:02 of 2nd period - Shot by Ryan Johansen.
18:02 of 2nd period - Stopped by Connor Hellebuyck with a rebound.
18:08 of 2nd period - Shot by Filip Forsberg.
18:08 of 2nd period - Stopped by Connor Hellebuyck without a rebound.
18:09 of 2nd period - Mikael Granlund wins face-off versus Colton Sceviour in SAN DIEGO THUNDER zone.
19:12 of 2nd period - Shot by Filip Forsberg.
19:12 of 2nd period - Stopped by Connor Hellebuyck without a rebound.
19:13 of 2nd period - Nikita Kucherov wins face-off versus Adam Henrique in SAN DIEGO THUNDER zone.
19:23 of 2nd period - Minor Penalty to Evander Kane for Roughing.
19:24 of 2nd period - Ryan Johansen wins face-off versus Jean-Gabriel Pageau in SAN DIEGO THUNDER zone.
19:29 of 2nd period - Shot by Filip Forsberg.
19:29 of 2nd period - Stopped by Connor Hellebuyck without a rebound.
19:30 of 2nd period - Jean-Gabriel Pageau wins face-off versus Ryan Johansen in SAN DIEGO THUNDER zone.
19:30 of 2nd period - Jean-Gabriel Pageau is hit by Ryan Johansen.
Goals for this period are 0 for CALGARY FIREMEN vs 1 for SAN DIEGO THUNDER.
Shots for this period are 14 for CALGARY FIREMEN vs 7 for SAN DIEGO THUNDER.

3rd period


0:01 of 3rd period - Jean-Gabriel Pageau wins face-off versus Adam Henrique in neutral zone.
0:04 of 3rd period - Marcus Sorensen is hit by Jean-Gabriel Pageau and loses puck.
0:09 of 3rd period - Shot by Alexander Edler.
0:09 of 3rd period - Shot Misses the Net.
0:11 of 3rd period - Shot by Jean-Gabriel Pageau.
0:11 of 3rd period - Stopped by Devan Dubnyk with a rebound.
0:59 of 3rd period - Shot by Viktor Arvidsson.
0:59 of 3rd period - Shot Misses the Net.
1:01 of 3rd period - Shot by Viktor Arvidsson.
1:01 of 3rd period - Shot Misses the Net.
1:03 of 3rd period - Shot by Daniel Girardi.
1:03 of 3rd period - Shot Blocked by Alexander Edler.
1:05 of 3rd period - Shot by Ian Cole.
1:05 of 3rd period - Stopped by Connor Hellebuyck with a rebound.
1:07 of 3rd period - Shot by Filip Forsberg.
1:07 of 3rd period - Goal by Filip Forsberg - CALGARY FIREMEN : 2 - SAN DIEGO THUNDER : 2.
1:08 of 3rd period - Luke Glendening wins face-off versus Bo Horvat in neutral zone.
1:15 of 3rd period - Luke Glendening is hit by Connor Murphy and loses puck.
1:35 of 3rd period - Shot by Bo Horvat.
1:35 of 3rd period - Stopped by Devan Dubnyk with a rebound.
1:56 of 3rd period - Icing by Charles McAvoy.
1:57 of 3rd period - Bo Horvat wins face-off versus Ryan Johansen in SAN DIEGO THUNDER zone.
2:13 of 3rd period - Shot by Filip Forsberg.
2:13 of 3rd period - Shot Misses the Net.
2:54 of 3rd period - Shot by Alex Tuch.
2:54 of 3rd period - Stopped by Connor Hellebuyck without a rebound.
2:55 of 3rd period - Adam Henrique wins face-off versus Jean-Gabriel Pageau in SAN DIEGO THUNDER zone.
2:56 of 3rd period - Shot by Alex Tuch.
2:56 of 3rd period - Stopped by Connor Hellebuyck with a rebound.
3:30 of 3rd period - Shot by Alex Tuch.
3:30 of 3rd period - Shot Misses the Net.
3:32 of 3rd period - Shot by Niklas Kronwall.
3:32 of 3rd period - Shot Blocked by Radko Gudas.
3:36 of 3rd period - Shot by Adam Henrique.
3:36 of 3rd period - Shot Misses the Net.
3:58 of 3rd period - Alexander Edler is hit by Colton Sceviour.
3:59 of 3rd period - Icing by Alexander Edler.
4:00 of 3rd period - Ryan Johansen wins face-off versus Mikael Granlund in SAN DIEGO THUNDER zone.
4:43 of 3rd period - Shot by Viktor Arvidsson.
4:43 of 3rd period - Stopped by Connor Hellebuyck with a rebound.
5:09 of 3rd period - Shot by Nikita Kucherov.
5:09 of 3rd period - Stopped by Devan Dubnyk without a rebound.
5:10 of 3rd period - Adam Henrique wins face-off versus Bo Horvat in CALGARY FIREMEN zone.
5:10 of 3rd period - Adam Henrique is hit by Evander Kane.
5:15 of 3rd period - Icing by Alex Tuch.
5:16 of 3rd period - Bo Horvat wins face-off versus Adam Henrique in CALGARY FIREMEN zone.
5:17 of 3rd period - Shot by Evander Kane.
5:17 of 3rd period - Deflect By Nikita Kucherov.
5:17 of 3rd period - Stopped by Devan Dubnyk without a rebound.
5:18 of 3rd period - Luke Glendening wins face-off versus Evander Kane in CALGARY FIREMEN zone.
5:35 of 3rd period - Shot by Nikita Kucherov.
5:35 of 3rd period - Deflect By Bo Horvat.
5:35 of 3rd period - Stopped by Devan Dubnyk without a rebound.
5:35 of 3rd period - Minor Penalty to Devan Dubnyk for Slashing.
5:36 of 3rd period - Mikael Granlund wins face-off versus Luke Glendening in CALGARY FIREMEN zone.
6:04 of 3rd period - Shot by Evander Kane.
6:04 of 3rd period - Stopped by Devan Dubnyk without a rebound.
6:05 of 3rd period - Bo Horvat wins face-off versus Luke Glendening in CALGARY FIREMEN zone.
6:06 of 3rd period - Shot by David Perron.
6:06 of 3rd period - Shot Misses the Net.
6:26 of 3rd period - Shot by Alexander Edler.
6:26 of 3rd period - Shot Misses the Net.
6:28 of 3rd period - Shot by Alexander Edler.
6:28 of 3rd period - Stopped by Devan Dubnyk without a rebound.
6:29 of 3rd period - Luke Glendening wins face-off versus Mikael Granlund in CALGARY FIREMEN zone.
7:41 of 3rd period - Shot by Dominik Kahun.
7:41 of 3rd period - Shot Misses the Net.
7:50 of 3rd period - Marcus Johansson is hit by Radko Gudas and loses puck.
8:48 of 3rd period - Shot by Viktor Arvidsson.
8:48 of 3rd period - Goal by Viktor Arvidsson - CALGARY FIREMEN : 3 - SAN DIEGO THUNDER : 2.
8:49 of 3rd period - Luke Glendening wins face-off versus Bo Horvat in neutral zone.
8:56 of 3rd period - Off-side.
8:57 of 3rd period - Ryan Johansen wins face-off versus Bo Horvat in neutral zone.
9:09 of 3rd period - Shot by Viktor Arvidsson.
9:09 of 3rd period - Shot Misses the Net.
9:11 of 3rd period - Shot by Andy Greene.
9:11 of 3rd period - Stopped by Connor Hellebuyck without a rebound.
9:12 of 3rd period - Luke Glendening wins face-off versus Mikael Granlund in SAN DIEGO THUNDER zone.
9:13 of 3rd period - Shot by Colton Sceviour.
9:13 of 3rd period - Shot Misses the Net.
9:15 of 3rd period - Shot by Oskar Lindblom.
9:15 of 3rd period - Deflect By Luke Glendening.
9:15 of 3rd period - Shot Misses the Net.
9:36 of 3rd period - Icing by Matt Benning.
9:37 of 3rd period - Mikael Granlund wins face-off versus Adam Henrique in SAN DIEGO THUNDER zone.
9:56 of 3rd period - Shot by Mikael Granlund.
9:56 of 3rd period - Stopped by Devan Dubnyk without a rebound.
9:57 of 3rd period - Bo Horvat wins face-off versus Ryan Johansen in CALGARY FIREMEN zone.
10:58 of 3rd period - Bo Horvat is hit by Brent Seabrook and loses puck.
11:25 of 3rd period - Shot by Josh Anderson.
11:25 of 3rd period - Deflect By Mikael Granlund.
11:25 of 3rd period - Shot Misses the Net.
11:27 of 3rd period - Shot by David Perron.
11:27 of 3rd period - Shot Misses the Net.
11:34 of 3rd period - Minor Penalty to Brent Seabrook for Roughing.
11:35 of 3rd period - Mikael Granlund wins face-off versus Luke Glendening in CALGARY FIREMEN zone.
11:48 of 3rd period - Shot by Mikael Granlund.
11:48 of 3rd period - Shot Blocked by Ian Cole.
11:50 of 3rd period - Shot by Charles McAvoy.
11:50 of 3rd period - Deflect By Josh Anderson.
11:50 of 3rd period - Goal by Josh Anderson - CALGARY FIREMEN : 3 - SAN DIEGO THUNDER : 3.
11:51 of 3rd period - Adam Henrique wins face-off versus Jean-Gabriel Pageau in neutral zone.
12:22 of 3rd period - Shot by Jared McCann.
12:22 of 3rd period - Deflect By Dominik Kahun.
12:22 of 3rd period - Stopped by Devan Dubnyk without a rebound.
12:23 of 3rd period - Ryan Johansen wins face-off versus Mikael Granlund in CALGARY FIREMEN zone.
12:32 of 3rd period - Shot by Viktor Arvidsson.
12:32 of 3rd period - Shot Blocked by Alexander Edler.
12:32 of 3rd period - Alexander Edler from SAN DIEGO THUNDER is injured at 12:32 of 3rd period (Strained Right Knee).
12:33 of 3rd period - Mikael Granlund wins face-off versus Austin Czarnik in SAN DIEGO THUNDER zone.
12:40 of 3rd period - Shot by Josh Anderson.
12:40 of 3rd period - Deflect By David Perron.
12:40 of 3rd period - Shot Misses the Net.
12:59 of 3rd period - Connor Murphy is hit by Marcus Sorensen and loses puck.
14:41 of 3rd period - Bo Horvat is hit by Ryan Johansen and loses puck.
15:02 of 3rd period - Shot by Bo Horvat.
15:02 of 3rd period - Shot Misses the Net.
15:24 of 3rd period - Nikita Kucherov is hit by Ryan Johansen and loses puck.
15:40 of 3rd period - Icing by Daniel Girardi.
15:41 of 3rd period - Luke Glendening wins face-off versus Jean-Gabriel Pageau in CALGARY FIREMEN zone.
15:47 of 3rd period - Shot by Jared McCann.
15:47 of 3rd period - Stopped by Devan Dubnyk without a rebound.
15:48 of 3rd period - Dominik Kahun wins face-off versus Marcus Sorensen in CALGARY FIREMEN zone.
15:48 of 3rd period - Dominik Kahun is hit by Ian Cole.
16:06 of 3rd period - Shot by Marcus Sorensen.
16:06 of 3rd period - Deflect By Austin Czarnik.
16:06 of 3rd period - Stopped by Connor Hellebuyck with a rebound.
16:08 of 3rd period - Shot by Ian Cole.
16:08 of 3rd period - Stopped by Connor Hellebuyck without a rebound.
16:09 of 3rd period - Christian Fischer wins face-off versus Adam Henrique in SAN DIEGO THUNDER zone.
16:09 of 3rd period - Christian Fischer is hit by Adam Henrique.
16:21 of 3rd period - Shot by Alex Tuch.
16:21 of 3rd period - Stopped by Connor Hellebuyck with a rebound.
16:23 of 3rd period - Shot by Andy Greene.
16:23 of 3rd period - Shot Blocked by Bo Horvat.
18:55 of 3rd period - Icing by Matt Benning.
18:56 of 3rd period - Alex Tuch wins face-off versus Mikael Granlund in SAN DIEGO THUNDER zone.
19:07 of 3rd period - Shot by David Perron.
19:07 of 3rd period - Shot Blocked by Brent Seabrook.
19:16 of 3rd period - Icing by Andy Greene.
19:17 of 3rd period - Adam Henrique wins face-off versus Bo Horvat in CALGARY FIREMEN zone.
Goals for this period are 2 for CALGARY FIREMEN vs 1 for SAN DIEGO THUNDER.
Shots for this period are 10 for CALGARY FIREMEN vs 11 for SAN DIEGO THUNDER.

Overtime #1


0:01 of 1st overtime period - Mikael Granlund wins face-off versus Ryan Johansen in neutral zone.
0:03 of 1st overtime period - Off-side.
0:04 of 1st overtime period - Mikael Granlund wins face-off versus Ryan Johansen in neutral zone.
0:28 of 1st overtime period - Shot by Filip Forsberg.
0:28 of 1st overtime period - Deflect By Ryan Johansen.
0:28 of 1st overtime period - Stopped by Connor Hellebuyck without a rebound.
0:29 of 1st overtime period - Ryan Johansen wins face-off versus Mikael Granlund in SAN DIEGO THUNDER zone.
0:34 of 1st overtime period - Shot by Ryan Johansen.
0:34 of 1st overtime period - Shot Misses the Net.
1:02 of 1st overtime period - Shot by Charles McAvoy.
1:02 of 1st overtime period - Stopped by Devan Dubnyk with a rebound.
1:04 of 1st overtime period - Shot by Nikita Kucherov.
1:04 of 1st overtime period - Stopped by Devan Dubnyk without a rebound.
1:05 of 1st overtime period - Bo Horvat wins face-off versus Alex Tuch in CALGARY FIREMEN zone.
1:30 of 1st overtime period - Shot by Evander Kane.
1:30 of 1st overtime period - Stopped by Devan Dubnyk without a rebound.
1:31 of 1st overtime period - Mikael Granlund wins face-off versus Ryan Johansen in CALGARY FIREMEN zone.
1:48 of 1st overtime period - Shot by Ryan Johansen.
1:48 of 1st overtime period - Stopped by Connor Hellebuyck without a rebound.
1:49 of 1st overtime period - Ryan Johansen wins face-off versus Mikael Granlund in SAN DIEGO THUNDER zone.
2:14 of 1st overtime period - Shot by Mikael Granlund.
2:14 of 1st overtime period - Shot Misses the Net.
2:16 of 1st overtime period - Shot by Mikael Granlund.
2:16 of 1st overtime period - Stopped by Devan Dubnyk without a rebound.
2:17 of 1st overtime period - Alex Tuch wins face-off versus Bo Horvat in CALGARY FIREMEN zone.
2:28 of 1st overtime period - Shot by Viktor Arvidsson.
2:28 of 1st overtime period - Shot Blocked by Radko Gudas.
2:42 of 1st overtime period - Shot by Evander Kane.
2:42 of 1st overtime period - Shot Misses the Net.
2:44 of 1st overtime period - Shot by Radko Gudas.
2:44 of 1st overtime period - Stopped by Devan Dubnyk without a rebound.
2:45 of 1st overtime period - Ryan Johansen wins face-off versus Mikael Granlund in CALGARY FIREMEN zone.
3:40 of 1st overtime period - Shot by Viktor Arvidsson.
3:40 of 1st overtime period - Stopped by Connor Hellebuyck with a rebound.
3:42 of 1st overtime period - Shot by Viktor Arvidsson.
3:42 of 1st overtime period - Stopped by Connor Hellebuyck without a rebound.
3:43 of 1st overtime period - Alex Tuch wins face-off versus Bo Horvat in SAN DIEGO THUNDER zone.
3:48 of 1st overtime period - Shot by Viktor Arvidsson.
3:48 of 1st overtime period - Stopped by Connor Hellebuyck without a rebound.
3:49 of 1st overtime period - Bo Horvat wins face-off versus Alex Tuch in SAN DIEGO THUNDER zone.
3:53 of 1st overtime period - Off-side.
3:54 of 1st overtime period - Bo Horvat wins face-off versus Ryan Johansen in neutral zone.
4:26 of 1st overtime period - Shot by Bo Horvat.
4:26 of 1st overtime period - Stopped by Devan Dubnyk without a rebound.
4:27 of 1st overtime period - Mikael Granlund wins face-off versus Alex Tuch in CALGARY FIREMEN zone.
4:50 of 1st overtime period - Shot by Alex Tuch.
4:50 of 1st overtime period - Shot Misses the Net.
4:52 of 1st overtime period - Shot by Andy Greene.
4:52 of 1st overtime period - Shot Misses the Net.
4:54 of 1st overtime period - Shot by Alex Tuch.
4:54 of 1st overtime period - Shot Blocked by Charles McAvoy.
4:56 of 1st overtime period - Shot by Viktor Arvidsson.
4:56 of 1st overtime period - Goal by Viktor Arvidsson - CALGARY FIREMEN : 4 - SAN DIEGO THUNDER : 3.
Goals for this period are 1 for CALGARY FIREMEN vs 0 for SAN DIEGO THUNDER.
Shots for this period are 6 for CALGARY FIREMEN vs 6 for SAN DIEGO THUNDER.


DARCY
KUEMPER
JAKE
OETTINGER
NINO
NIEDERREITER

EAST COAST

HOCKEY LEAGUE

  • 1.CHI2QUE4
  • 2.LIM2CHA3
  • 3.LON3TRV5
  • 4.BAL5CHW6
  • 5.MANPIT
  • 6.NHWATL
  • 7.PETWOR
  • 8.RHI